 Dungeon Crawl Stone Soup version 0.20.1-1-g8b1a95d (webtiles) character file.

112 Knicklaso the Twirler (level 4, -9/26 HPs)
             Began as a Gargoyle Gladiator on July 16, 2017.
             Mangled by tschems's ghost (10 damage)
             ... on level 3 of the Dungeon on July 17, 2017.
             The game lasted 00:10:47 (2049 turns).

Knicklaso the Twirler (Gargoyle Gladiator)          Turns: 2049, Time: 00:10:49

Health: -9/26      AC: 13    Str: 18    XL:     4   Next: 95%
Magic:  4/4        EV:  7    Int:  9    God:
Gold:   209        SH:  0    Dex: 11    Spells: 3/3 levels left

rFire    . . .     SeeInvis .   a - +0 quarterstaff
rCold    . . .     Gourm    .   (shield currently unavailable)
rNeg     + . .     Faith    .   e - +0 chain mail
rPois    ∞         Spirit   .   c - +0 helmet
rElec    +         Reflect  .   (no cloak)
rCorr    .         Harm     .   (no gloves)
MR       .....                  p - +0 pair of boots
Stlth    ..........             (no amulet)
Regen    0.1/turn               (no ring)
MPRegen  0.1/turn               (no ring)

@: very slightly contaminated, invisible
A: negative energy resistance 1, electricity resistance, unbreathing,
petrification resistance, rot immunity, AC +3
a: no special abilities


You were on level 3 of the Dungeon.
You were not hungry.

You visited 1 branch of the dungeon, and saw 3 of its levels.

You collected 209 gold pieces.

Inventory:

Hand Weapons
 a - a +0 quarterstaff (weapon)
Missiles
 d - 5 throwing nets
 l - 3 javelins (quivered)
 C - 5 tomahawks
Armour
 c - a +0 helmet (worn)
 e - a +0 chain mail (worn)
 p - a +0 pair of boots (worn)
Jewellery
 r - an uncursed ring of ice {unknown}
Wands
 D - a wand of lightning (0/15)
Scrolls
 g - 2 scrolls of immolation {unknown}
 n - a scroll of remove curse {unknown}
 o - 3 scrolls of teleportation {unknown}
 s - a scroll of enchant weapon {unknown}
 u - 2 scrolls of identify {unknown}
 x - 2 scrolls of fog {unknown}
 y - a scroll of recharging {unknown}
 z - a scroll of enchant armour {unknown}
 B - a scroll of noise {unknown}
Potions
 b - a potion of heal wounds {unknown}
 h - a potion of invisibility
 j - 2 potions of brilliance {unknown}
 k - 2 potions of haste {unknown}
 m - a potion of degeneration {unknown}
 t - a potion of flight {unknown}
 v - 2 potions of curing {unknown}
 w - a potion of cancellation {unknown}
Comestibles
 f - 3 bread rations
 i - 2 meat rations
 q - 2 royal jellies
 A - 3 chunks of flesh


   Skills:
 - Level 2.1 Fighting
 + Level 5.4 Staves
 - Level 1.7 Throwing
 - Level 2.4 Dodging


You had 3 spell levels left.
You didn't know any spells.

Dungeon Overview and Level Annotations

Branches:
Dungeon (3/15)

Altars:
Xom
Yredelemnul

Annotations:
D:3 tschems's ghost, amateur HuFi


Innate Abilities, Weirdness & Mutations

You are resistant to torment.
Your stone body is resilient. (AC +3)
You are immune to poison.
You resist negative energy. (rN+)
You are resistant to electric shocks. (rElec)
You can survive without breathing.
You are immune to petrification.
You are immune to rotting.


Message History

Tschems's ghost is heavily damaged.
The rat barely misses you. Tschems's ghost hits you.
You thump tschems's ghost!
Tschems's ghost is severely damaged.
The rat closely misses you.
Tschems's ghost hits you but does no damage.
You hit tschems's ghost.
Tschems's ghost is almost destroyed.
The rat barely misses you. Tschems's ghost hits you!
* * * LOW HITPOINT WARNING * * *
You closely miss tschems's ghost.
Tschems's ghost is almost destroyed.
The rat bites you but does no damage. Tschems's ghost closely misses you.
You strike the helpless tschems's ghost from behind!
You hit tschems's ghost but do no damage.
Tschems's ghost is almost destroyed.
The rat bites you.
* * * LOW HITPOINT WARNING * * *
Tschems's ghost hits you!
You die...

###....#..#.#...##..#.## #.
#......)....#...##..#.# #.
#..####.##.#.##..##..#.######
##.##.#.....##....##....
#.....#..............##.
#.#.###.................
...#.# #.................
#####.# #.r............##.
##.###@.............##.
#....W.........#...###.
#............##.##.#...#.
................##.##...#.##
....####....(....##.#...##..#
... #.).......##...#...#.# ..
#..........#..####.#.# .
#...............##.#..
#........###....#.....


You could see tschems's ghost and a rat.

Vanquished Creatures
  3 gnolls (D:2)
  An adder (D:2)
  2 oozes (D:2)
  2 worms (D:2)
  A dart slug (D:1)
  2 leopard geckos (D:1)
  2 giant cockroaches
  6 goblins
  7 hobgoblins
  5 jackals
  2 quokkas (D:3)
  A ball python (D:3)
  4 bats
  4 frilled lizards
  6 kobolds
  8 rats
56 creatures vanquished.

Notes
Turn   | Place    | Note
-------+----------+-------------------------------------------
     0 | D:1      | Knicklaso the Gargoyle Gladiator began the quest for the Orb.
     0 | D:1      | Reached XP level 1. HP: 12/12 MP: 1/1
   332 | D:1      | Reached XP level 2. HP: 17/17 MP: 2/2
   686 | D:1      | Reached skill level 4 in Staves
   701 | D:1      | Reached XP level 3. HP: 18/21 MP: 3/3
   884 | D:2      | Reached XP level 4. HP: 4/26 MP: 4/4
  1384 | D:2      | Reached skill level 5 in Staves
  1509 | D:2      | Found a basalt altar of Yredelemnul.
  1992 | D:3      | Found a shimmering altar of Xom.
  2002 | D:3      | Noticed tschems's ghost (amateur HuFi)
  2049 | D:3      | HP: 1/26 [rat (1)]
  2049 | D:3      | Mangled by tschems's ghost

Skill      XL: |  1  2  3  4 |
---------------+-------------+-----
Staves         | 4 5 |  5.4
Fighting       | |  2.1
Throwing       | |  1.7
Dodging        | |  2.4

Action                   |  1- 3 |  4- 6 || total
-------------------------+-------+-------++-------
Melee: Quarterstaff      |    82 |   136 ||   218
Throw: Javelin           |       |     2 ||     2
Evoke: Wand              |       |     2 ||     2
  Use: Potion            |       |     1 ||     1
 Stab: Invisible         |       |     1 ||     1
  Eat: Chunk             |       |     4 ||     4
Armor: Chain mail        |    35 |    94 ||   129
Dodge: Dodged            |    21 |    64 ||    85
